 Dungeon Crawl Stone Soup version 0.22.1-2-g9c5b331383 (webtiles) character file.

1544 Jynx the Basher (level 8, -3/53 HPs)
             Began as a Gargoyle Fighter on Dec 23, 2018.
             Was a Follower of Okawaru.
             Slain by an orc warrior
             ... wielding a +0 trident
              (13 damage)
             ... on level 7 of the Dungeon.
             The game lasted 00:06:36 (4381 turns).

Jynx the Basher (Gargoyle Fighter)                  Turns: 4381, Time: 00:06:37

Health: -3/53      AC: 19    Str: 21    XL:     8   Next: 87%
Magic:  8/8        EV:  9    Int:  9    God:    Okawaru [*.....]
Gold:   283        SH:  0    Dex: 10    Spells: 7/7 levels left

rFire    . . .     SeeInvis .   y - +1 dire flail (protect)
rCold    . . .     Gourm    .   (shield currently unavailable)
rNeg     + . .     Faith    .   b - +0 scale mail
rPois    ∞         Spirit   .   (no helmet)
rElec    +         Reflect  .   (no cloak)
rCorr    .         Harm     .   (no gloves)
MR       +....                  (no boots)
Stlth    ..........             t - amulet of regeneration
HPRegen  0.57/turn              w - ring of protection from magic
MPRegen  0.11/turn              (no ring)

@: protection aura
A: negative energy resistance 1, electricity resistance, unbreathing,
petrification resistance, rot immunity, AC +5
a: Heroism, Renounce Religion


You were on level 7 of the Dungeon.
You worshipped Okawaru.
Okawaru was aware of your devotion.
You were not hungry.

You visited 2 branches of the dungeon, and saw 8 of its levels.

You collected 283 gold pieces.

Inventory:

Hand Weapons
 a - a +0 flail
 x - a cursed +4 morningstar
 y - a +1 dire flail of protection (weapon)
Armour
 b - a +0 scale mail (worn)
 c - a +0 shield
 j - a cursed +0 chain mail
Jewellery
 t - an amulet of regeneration (around neck)
 w - a ring of protection from magic (left hand)
Wands
 v - a wand of polymorph (10)
Scrolls
 e - 2 scrolls of remove curse
 i - a scroll of fog
 k - 3 scrolls of enchant armour
 l - 5 scrolls of fear
 n - a scroll of magic mapping {unknown}
 p - 3 scrolls of immolation {unknown}
 q - 3 scrolls of enchant weapon {unknown}
 r - 4 scrolls of teleportation
Potions
 d - 3 potions of might
 g - a potion of mutation
 h - a potion of flight {unknown}
 m - a potion of heal wounds {unknown}
 s - 2 potions of brilliance
 u - a potion of resistance {unknown}
Comestibles
 f - 13 rations


   Skills:
 + Level 7.6 Fighting
 * Level 9.1 Maces & Flails
 - Level 3.2 Armour
 - Level 3.2 Shields


You had 7 spell levels left.
You didn't know any spells.
Your spell library contained the following spells:

 Spells                   Type           Power        Failure   Level  Hunger
 Sandblast                Erth           #.....       73%         1    ##.....
 Passwall                 Tmut/Erth      #.......     86%         2    ###....
 Stone Arrow              Conj/Erth      #.....       97%         3    ####...
 Petrify                  Tmut/Erth      #.......     100%        4    #####..
 Lee's Rapid Deconstruct  Erth           #.........   100%        5    ######.


Dungeon Overview and Level Annotations

Branches:
Dungeon (7/15)             Temple (1/1) D:6

Altars:
Ashenzari
Cheibriados
Dithmenos
Elyvilon
Fedhas
Gozag
Hepliaklqana
Kikubaaqudgha
Makhleb
Nemelex Xobeh
Okawaru
Qazlal
Ru
Sif Muna
Trog
Uskayaw
Wu Jian
Xom
Yredelemnul
Zin


Innate Abilities, Weirdness & Mutations

You are resistant to torment.
Your stone body is resilient. (AC +5)
You are immune to poison.
You resist negative energy. (rN+)
You are resistant to electric shocks. (rElec)
You can survive without breathing.
You are immune to petrification.
You are immune to rotting.


Message History

The orc warrior hits you with a trident!
* * * LOW HITPOINT WARNING * * *
Items here: )) [[ † a hand axe; a leather armour; a club; a ring mail; an orc corpse You hit the orc warrior.
The orc warrior is lightly wounded.
The orc warrior hits you with a trident.
* * * LOW HITPOINT WARNING * * *
You hit the orc warrior but do no damage.
The orc warrior is lightly wounded.
You hit the orc warrior.
The orc warrior is lightly wounded.
The orc warrior hits you but does no damage.
You thump the orc warrior!
The orc warrior is severely wounded.
The orc warrior hits you but does no damage.
You puncture the orc warrior!
The orc warrior is almost dead.
The orc warrior hits you with a trident!
You die...

........... ..
........ ......
......# .....#
###....###.....#
#...../.........
#...............
.#<..............
#..................
#...........)@o......
......................
.)......##........?...
........##............
......................
......................
.............#..
.............#.#


You could see an orc warrior.

Vanquished Creatures
  Sigmund (D:5)
  Edmund (D:5)
  A black bear (D:6)
  A sky beast (D:6)
  2 ogres
  A water moccasin zombie (D:5)
  A scorpion (D:3)
  5 wights (D:6)
  2 crimson imps (D:6)
  A gnoll shaman (D:4)
  2 hounds (D:4)
  A bullfrog skeleton (D:5)
  An iguana (D:4)
  An orc wizard (D:3)
  4 worker ants
  A howler monkey zombie (D:7)
  9 adders
  9 gnolls
  A shadow imp (D:5)
  An ooze (D:6)
  An adder zombie (D:6)
  A worm (D:3)
  2 dart slugs
  3 leopard geckos
  9 orcs
  4 giant cockroaches
  5 goblins
  8 hobgoblins
  7 jackals
  5 quokkas
  3 ball pythons
  3 bats
  4 frilled lizards
  A giant cockroach zombie (D:6)
  9 kobolds
  A leopard gecko zombie (D:6)
  3 rats
115 creatures vanquished.

Notes
Turn   | Place    | Note
-------+----------+-------------------------------------------
     0 | D:1      | Jynx the Gargoyle Fighter began the quest for the Orb.
     0 | D:1      | Reached XP level 1. HP: 14/14 MP: 1/1
   145 | D:1      | Reached XP level 2. HP: 19/19 MP: 2/2
   363 | D:2      | Reached skill level 3 in Maces & Flails
   363 | D:2      | Reached XP level 3. HP: 24/24 MP: 3/3
   424 | D:2      | Found a shadowy altar of Dithmenos.
   839 | D:2      | Reached XP level 4. HP: 25/29 MP: 4/4
   865 | D:2      | Found a white marble altar of Elyvilon.
   924 | D:2      | Found a basalt altar of Yredelemnul.
  1055 | D:2      | Found a hide-covered altar of Uskayaw.
  1290 | D:3      | Reached skill level 4 in Maces & Flails
  1294 | D:3      | Reached XP level 5. HP: 21/34 MP: 5/5
  1729 | D:4      | Found an opulent altar of Gozag.
  1894 | D:4      | Found a sparkling altar of Nemelex Xobeh.
  2013 | D:4      | Reached skill level 5 in Maces & Flails
  2013 | D:4      | Reached XP level 6. HP: 40/40 MP: 6/6
  2027 | D:4      | Reached skill level 5 in Fighting
  2493 | D:5      | Entered Level 5 of the Dungeon
  2644 | D:5      | Found a sacrificial altar of Ru.
  2657 | D:5      | Reached skill level 6 in Maces & Flails
  2657 | D:5      | Reached XP level 7. HP: 44/44 MP: 7/7
  2922 | D:5      | Noticed Sigmund
  2938 | D:5      | Killed Sigmund
  3059 | D:5      | Noticed Edmund
  3074 | D:5      | Killed Edmund
  3074 | D:5      | Reached skill level 7 in Maces & Flails
  3228 | D:6      | Reached XP level 8. HP: 52/52 MP: 8/8
  3358 | D:6      | Reached skill level 8 in Maces & Flails
  3525 | D:6      | Found a staircase to the Ecumenical Temple.
  3531 | Temple   | Entered the Ecumenical Temple
  3724 | Temple   | Became a worshipper of Warmaster Okawaru
  4357 | D:7      | Reached * piety under Okawaru
  4357 | D:7      | Reached skill level 9 in Maces & Flails
  4381 | D:7      | Slain by an orc warrior

Skill      XL: |  1  2  3  4  5  6  7  8 |
---------------+-------------------------+-----
Maces & Flails | 3 4 5 6 7 9 |  9.1
Fighting       | 4 5 6 7 |  7.6
Armour         | |  3.2
Shields        | |  3.2

Action                   |  1- 3 |  4- 6 |  7- 9 || total
-------------------------+-------+-------+-------++-------
Melee: Flail             |   118 |   250 |    53 ||   421
       Dire flail        |       |       |   112 ||   112
  Use: Scroll            |     4 |     2 |     4 ||    10
  Eat: Chunk             |       |     6 |     6 ||    12
Armor: Scale mail        |    46 |   152 |    68 ||   266
Dodge: Dodged            |    37 |    82 |    64 ||   183
Block: Shield            |    71 |    95 |    24 ||   190
